 Dungeon Crawl Stone Soup version 0.27-a0-417-g317cea8a3c (webtiles) character file.

Game seed: 5134823667560675088

8 hehateme the Conjurer (level 2, -1/16 HPs)
             Began as a Kobold Conjurer on Feb 26, 2021.
             Slain by a hobgoblin
             ... wielding a +0 club
              (3 damage)
             ... on level 1 of the Dungeon.
             The game lasted 00:00:44 (219 turns).

hehateme the Conjurer (Kobold Conjurer)              Turns: 219, Time: 00:00:45

Health: -1/16      AC:  2    Str:  4    XL:     2   Next: 15%
Magic:  0/5        EV: 15    Int: 19    God:
Gold:   21         SH:  0    Dex: 13    Spells: 4/5 levels left

rFire    . . .     SeeInvis .   c - +0 dagger
rCold    . . .     Faith    .   (shield restricted)
rNeg     . . .     Spirit   .   a - +0 robe
rPois    .         Reflect  .   (no helmet)
rElec    .         Harm     .   (no cloak)
rCorr    .         Rampage  .   (no gloves)
Will     .....                  (no boots)
Stlth    +++.......             (no amulet)
HPRegen  0.05/turn              (no ring)
MPRegen  0.09/turn              (no ring)

@: no status effects
A: small, nightstalker 3
a: no special abilities


You were on level 1 of the Dungeon.
You visited 1 branch of the dungeon, and saw 1 of its levels.

You collected 21 gold pieces.

Inventory:

Hand Weapons
 c - a +0 dagger (weapon)
Armour
 a - a +0 robe (worn)
Scrolls
 b - a scroll of teleportation {unknown}


   Skills:
 + Level 0.5 Fighting
 + Level 2.6 Dodging
 - Level 2.6 Stealth
 + Level 2.3 Spellcasting
 * Level 4.1 Conjurations


You had 4 spell levels left.
You knew the following spells:

 Your Spells              Type           Power        Failure   Level
a - Magic Dart            Conj           72%          3%          1

Your spell library contained the following spells:

 Spells                   Type           Power        Failure   Level
 Searing Ray              Conj           36%          4%          2
 Dazzling Flash           Conj/Hex       20%          21%         3
 Fulminant Prism          Conj/Hex       5%           56%         4
 Iskenderun's Mystic Bla  Conj/Tloc      10%          56%         4


Dungeon Overview and Level Annotations

Branches:
Dungeon (1/15)

Altars:


Innate Abilities, Weirdness & Mutations

You are small and have problems with some larger weapons.
You are completely attuned to the shadows.


Message History

The jackal barely misses you.
The kobold hits you with a +0 short sword.
You take 4 damage, and have 12/16 hp.
GAME OVER YEAH!!
You now have 2/5 mp.
The jackal misses you.
The hobgoblin shouts!
You closely miss the hobgoblin.
You hear a shout! x2; You hear an angry hiss.
The jackal barely misses you. The hobgoblin hits you with a +0 club.
* * * LOW HITPOINT WARNING * * *
You hear a bark!
You take 4 damage, and have 8/16 hp.
GAME OVER YEAH!!
Aim: a kobold, wielding a +0 short sword (moderately wounded, 0% to evade)
The magic dart hits the jackal.
* * * LOW MAGIC WARNING * * *
The jackal bites you.
* * * LOW HITPOINT WARNING * * *
A kobold comes into view. It is wielding a +0 dagger.
The hobgoblin hits you but does no damage.
The jackal completely misses you.
You take 1 damage, and have 7/16 hp.
You now have 1/5 mp.
Aim: a kobold, wielding a +0 short sword (moderately wounded, 0% to evade)
The magic dart hits the jackal but does no damage.
* * * LOW MAGIC WARNING * * *
The jackal misses you. The hobgoblin barely misses you.
You now have 0/5 mp.
You don't have enough magic to cast this spell.
The jackal bites you.
* * * LOW HITPOINT WARNING * * *
The hobgoblin hits you with a +0 club.
* * * LOW HITPOINT WARNING * * *
The jackal bites you.
* * * LOW HITPOINT WARNING * * *
You take 5 damage, and have 2/16 hp.
GAME OVER YEAH!!
You don't have enough magic to cast this spell.
The jackal barely misses you. The hobgoblin hits you with a +0 club.
You die...

..
#####.###.
#.........
#.........
#..g@K....
#####h####.
##K.....
####.h.###
...#.#.#
...).#.##
####.....
#h....
.h.......

Notes
Turn   | Place    | Note
-------+----------+-------------------------------------------
     0 | D:1      | hehateme the Kobold Conjurer began the quest for the Orb.
     0 | D:1      | Reached XP level 1. HP: 10/10 MP: 3/3
   181 | D:1      | Reached XP level 2. HP: 16/16 MP: 3/5
   218 | D:1      | HP: 2/16 [jackal (3)]
   219 | D:1      | Slain by a hobgoblin

Table legend: (Time is in decaauts)
 A = Elapsed time spent in this place.
 B = Non-inter-level travel time spent in this place.
 C = Inter-level travel time spent in this place.
 D = Time resting spent in this place.
 E = Time spent auto-exploring this place.
 F = Levels seen in this place.
 G = Mean time per level.
                   A        B        C        D        E       F      G
               +--------+--------+--------+--------+--------+-----+--------+
         Total |    218 |    209 |      9 |      0 |    165 |   1 |  218.0 |
       Dungeon |    218 |    209 |      9 |      0 |    165 |   1 |  218.0 |
               +--------+--------+--------+--------+--------+-----+--------+

Top non-repeatable levels by time:
     D:1: 218 daAuts

Table legend:
 A = Kills in this place as a percentage of kills in entire the game.
 B = Kills by you in this place as a percentage of kills by you in the entire game.
 C = Kills by friends in this place as a percentage of kills by friends in the entire game.
 D = Other kills in this place as a percentage of other kills in the entire game.
 E = Experience gained in this place as a percentage of experience gained in the entire game.
 F = Experience gained in this place divided by the number of levels of this place that you have seen.
                   A       B       C       D       E      F
               +-------+-------+-------+-------+-------+----------------------
         Total | 100.0 | 100.0 |   N/A |   N/A | 100.0 |  12.0
       Dungeon | 100.0 | 100.0 |   N/A |   N/A | 100.0 |  12.0
               +-------+-------+-------+-------+-------+----------------------

Action                   || total
-------------------------++-------
Melee: Club              ||     2
       Dagger            ||     1
 Cast: Magic Dart        ||    12
Armor: Robe              ||     3
Dodge: Dodged            ||    14

Vanquished Creatures
  A dart slug (D:1)
  A goblin (D:1)
  A jackal (D:1)
  A bat (D:1)
  A frilled lizard (D:1)
  A kobold (D:1)
  A rat (D:1)
7 creatures vanquished. You could see 2 jackals, a hobgoblin and 2 kobolds.

Levels and vault maps discovered:
D:1:      dpeg_arrival_fog, layout_rooms
